 Dungeon Crawl Stone Soup version 0.26-a0-1181-gd376ed14c5 (webtiles) character file.

Game seed: 15063721032177479150

148 uibert the Grave Robber (level 5, -2/35 HPs)
             Began as a Demonspawn Necromancer on Dec 25, 2020.
             Killed from afar by a kobold (18 damage)
             ... with a bolt of acid
             ... on level 4 of the Dungeon.
             The game lasted 00:06:56 (3598 turns).

uibert the Grave Robber (Demonspawn Necromancer)    Turns: 3598, Time: 00:06:57

Health: -2/35      AC:  4    Str: 10    XL:     5   Next: 8%
Magic:  8/8        EV:  8    Int: 16    God:
Gold:   131        SH:  0    Dex: 13    Spells: 4/8 levels left

rFire    . . .     SeeInvis .   i - +4 whip
rCold    . . .     Faith    .   (no shield)
rNeg     . . .     Spirit   .   p - +0 scale mail
rPois    .         Reflect  .   (helmet restricted)
rElec    .         Harm     .   (no cloak)
rCorr    .         Rampage  .   (no gloves)
Will     .....                  (no boots)
Stlth    ..........             (no amulet)
HPRegen  0.11/turn              m - ring of flight
MPRegen  0.11/turn              (no ring)

@: corroded
A: horns 1, slimy green scales 1
a: Evoke Flight


You were on level 4 of the Dungeon.
You visited 1 branch of the dungeon, and saw 4 of its levels.

You collected 131 gold pieces.

Inventory:

Hand Weapons
 i - a +4 whip (weapon)
Missiles
 h - 118 stones (quivered)
Armour
 a - a +0 robe
 p - a +0 scale mail (worn)
 y - a scarf of shadows
Jewellery
 m - a ring of flight (left hand)
Scrolls
 c - 5 scrolls of remove curse
 e - a scroll of enchant weapon
 g - 5 scrolls of teleportation
 k - 4 scrolls of amnesia
 l - 3 scrolls of fog
 s - a scroll of immolation
 u - a scroll of enchant armour {unknown}
 x - a scroll of blinking {unknown}
Potions
 b - a potion of resistance {unknown}
 d - a potion of flight {unknown}
 f - a potion of brilliance {unknown}
 j - 4 potions of heal wounds {unknown}
 n - 2 potions of curing {unknown}
 o - a potion of berserk rage {unknown}
 q - a potion of lignification {unknown}
 r - a potion of attraction {unknown}
 t - a potion of mutation {unknown}
 v - a potion of haste {unknown}
 w - a potion of ambrosia {unknown}


   Skills:
 - Level 1.7 Dodging
 - Level 1.7 Stealth
 - Level 2.0 Spellcasting
 + Level 7.1 Necromancy


You had 4 spell levels left.
You knew the following spells:

 Your Spells              Type           Power        Failure   Level
a - Pain                  Necr           96%          9%          1
b - Vampiric Draining     Necr           12%          24%         3

Your spell library contained the following spells:

 Spells                   Type           Power        Failure   Level
 Animate Skeleton         Necr           48%          9%          1
 Animate Dead             Necr           12%          63%         4
 Agony                    Necr           24%          92%         5


Dungeon Overview and Level Annotations

Branches:
Dungeon (4/15)
 Temple: D:4-7

Altars:
Trog


Innate Abilities, Weirdness & Mutations

You have a pair of small horns on your head.
You are partially covered in slimy green scales. (AC +2)


Message History

You continue taking off your scarf of shadows. x4
You finish taking off your scarf of shadows.
The dungeon's light returns to normal.
Unknown command.
You hear the slow rusting of a distant drain.
HP restored.
h - 116 stones (gained 1)
h - 118 stones (gained 2)
You now have 131 gold pieces (gained 5).
There is an open door here.
A worm comes into view.
A kobold comes into view.
It is wielding a +0 short sword and carrying a wand of acid (10).
You see here 13 gold pieces.
The kobold zaps a wand.
The bolt of acid hits you! The acid corrodes you!
You are splashed with acid!
The kobold zaps a wand.
The bolt of acid misses you.
You hear the slow rusting of a distant drain.
The kobold zaps a wand.
The bolt of acid hits you!!
Ouch! That really hurt!
You die...

#. #.# #. #.# #.####
#.# #....# #.########
#....########........#
+....................#
#......)...###.......#
P. #..........+
+...>...# P..
#.........@#
#.......#...#
#..........#
###...#......
#..........#
####........
#....).....#
#.........##
#..........#
#.#######..#
###.?.....K#
##'####### .#
###......###........#
...................#
##########.........#


You could see a kobold.

Vanquished Creatures
  A hound (D:4)
  Terence (D:2)
  4 adders
  2 worms (D:2)
  A dart slug (D:1)
  A leopard gecko (D:2)
  4 giant cockroaches
  6 goblins
  2 hobgoblins
  7 kobolds
  2 quokkas
  6 bats
  11 frilled lizards
  6 rats
54 creatures vanquished.

Vanquished Creatures (others)
  48 plants
48 creatures vanquished.

Grand Total: 102 creatures vanquished

Notes
Turn   | Place    | Note
-------+----------+-------------------------------------------
     0 | D:1      | uibert the Demonspawn Necromancer began the quest for the
                  | Orb.
     0 | D:1      | Reached XP level 1. HP: 13/13 MP: 3/3
   804 | D:1      | Gained mutation: You are partially covered in slimy green
                  | scales. (AC +2) [demonic ancestry]
   804 | D:1      | Reached XP level 2. HP: 17/19 MP: 3/5
   853 | D:1      | Reached skill level 5 in Necromancy
  1684 | D:2      | Noticed Terence
  1689 | D:2      | Killed Terence
  1690 | D:2      | Gained mutation: You have a pair of small horns on your
                  | head. [demonic ancestry]
  1690 | D:2      | Reached XP level 3. HP: 20/24 MP: 1/6
  1801 | D:2      | Reached skill level 6 in Necromancy
  1969 | D:2      | Reached XP level 4. HP: 25/30 MP: 5/7
  2281 | D:2      | Learned a level 3 spell: Vampiric Draining
  2297 | D:2      | Found a bloodstained altar of Trog.
  3492 | D:4      | Reached skill level 7 in Necromancy
  3492 | D:4      | Reached XP level 5. HP: 28/35 MP: 6/8
  3598 | D:4      | Killed from afar by a kobold

Illustrated notes

Levels and vault maps discovered:
D:1:      elethiomel_arrival_infinity_welcomes_careful_drivers, layout_basic
D:2:      layout_basic, lemuel_coloured_pillars_altar, minmay_lizard_king,
          uniq_terence
D:3:      layout_loops_ring
D:4:      kennysheep_kobold_camp, layout_basic, old_standard_altar,
          portal_sewer_entry_b

Skill      XL: |  1  2  3  4 |
---------------+-------------+-----
Necromancy     | 5 6 7 |  7.1
Dodging        | |  1.7
Stealth        | |  1.7
Spellcasting   | |  2.0

Action                   |  1- 3 |  4- 6 || total
-------------------------+-------+-------++-------
Melee: Unarmed           |     1 |       ||     1
       Whip              |    31 |    48 ||    79
       Headbutt          |     2 |     6 ||     8
Throw: Stone             |    10 |       ||    10
 Cast: Pain              |    45 |     2 ||    47
  Use: Scroll            |     5 |     3 ||     8
Armor: Scale mail        |    21 |    21 ||    42
Dodge: Dodged            |    19 |    29 ||    48

Table legend: (Time is in decaauts)
 A = Elapsed time spent in this place.
 B = Non-inter-level travel time spent in this place.
 C = Inter-level travel time spent in this place.
 D = Time resting spent in this place.
 E = Time spent auto-exploring this place.
 F = Levels seen in this place.
 G = Mean time per level.
                   A        B        C        D        E       F      G
               +--------+--------+--------+--------+--------+-----+--------+
         Total |   3604 |   3495 |    109 |    837 |   2119 |   4 |  901.0 |
       Dungeon |   3604 |   3495 |    109 |    837 |   2119 |   4 |  901.0 |
               +--------+--------+--------+--------+--------+-----+--------+

Top non-repeatable levels by time:
     D:1: 1363 daAuts
     D:2: 1159 daAuts
     D:3: 928 daAuts
     D:4: 153 daAuts
